 Dungeon Crawl Stone Soup version 0.29-a0-284-gf9362112df (webtiles) character file.

Game seed: 15762019306403383405

18 holysushi the Ducker (level 2, -2/24 HPs)
             Began as a Merfolk Monk on Mar 27, 2022.
             Slain by a quokka (5 damage)
             ... on level 1 of the Dungeon.
             The game lasted 00:00:42 (692 turns).

holysushi the Ducker (Merfolk Monk)                  Turns: 692, Time: 00:00:43

Health: -2/24      AC:  2    Str: 11    XL:     2   Next: 70%
Magic:  2/2        EV: 14    Int:  9    God:
Gold:   21         SH:  0    Dex: 16    Spells: 1/1 levels left

rFire   . . .      SeeInvis .   a - +0 falchion
rCold   . . .      Faith    .   (no shield)
rNeg    . . .      Spirit   .   b - +0 robe
rPois   .          Reflect  .   (no helmet)
rElec   .          Harm     .   (no cloak)
rCorr   .          Rampage  .   (no gloves)
Will    .....                   (no boots)
Stlth   ++........              (no amulet)
HPRegen 0.08/turn               (no ring)
MPRegen 0.08/turn               (no ring)

@: no status effects
A: (nimble swimmer 2), mertail
a: no special abilities


You were on level 1 of the Dungeon.
You visited 1 branch of the dungeon, and saw 1 of its levels.

You collected 21 gold pieces.

Inventory:

Hand Weapons
 a - a +0 falchion (weapon)
Armour
 b - a +0 robe (worn)
Scrolls
 d - a scroll of teleportation {unknown}
 e - a scroll of holy word {unknown}
Potions
 c - a potion of ambrosia


   Skills:
 + Level 3.5 Fighting
 * Level 4.2 Long Blades
 + Level 4.3 Dodging
 - Level 2.1 Stealth


You had one spell level left.
You didn't know any spells.
Your spell library was empty.

Dungeon Overview and Level Annotations

Branches:
Dungeon (1/15)

Altars:


Innate Abilities, Weirdness & Mutations

((You are very nimble when in or above water. (Stealth+, EV+, Speed+++)))
Your lower body shifts to a powerful aquatic tail in water.


Message History

You closely miss the quokka. You punch the quokka, but do no damage.
The quokka bites you but does no damage.
The quokka barely misses you.
You closely miss the quokka. The quokka bites you.
The quokka completely misses you.
You completely miss the quokka.
The quokka twitches its whiskers.
The quokka barely misses you.
You closely miss the quokka. The quokka bites you.
You hit the quokka.
The quokka is heavily wounded.
The quokka bites you.
The quokka bites you but does no damage.
You barely miss the quokka.
The quokka is heavily wounded.
The quokka bites you.
* * * LOW HITPOINT WARNING * * *
You hit the quokka.
The quokka is almost dead.
The quokka bites you.
* * * LOW HITPOINT WARNING * * *
You barely miss the quokka.
The quokka is almost dead.
The quokka misses you.
You barely miss the quokka.
The quokka is almost dead.
The quokka barely misses you. The quokka bites you.
* * * LOW HITPOINT WARNING * * *
You barely miss the quokka.
The quokka is almost dead.
The quokka completely misses you.
Unknown command.
You barely miss the quokka.
The quokka is almost dead.
The quokka closely misses you. The quokka barely misses you.
Unknown command.
You completely miss the quokka.
The quokka is almost dead.
The quokka bites you.
You die...

≈.........≈#.........# ###.....
≈.......).≈###.#.....#####.......
≈........†≈##..#............#....
≈....)....≈#.........####........
≈....#....≈#..#..............#...
≈.........≈#....#.>..............
≈.........≈#...##................
≈.........≈###.##.........##.....
..........≈# #.r@.........##.†...
≈≈≈≈≈≈≈≈≈≈≈####...##..#..........
############....### #....###)....
.#......#....########....# #.....
.#..#............##.....## #.....
.#..................#.#.# #.....
.................###....# ######
........##......###....##
...###.................>#


You could see a quokka.

Vanquished Creatures
  3 ball pythons (D:1)
  A bat (D:1)
  An endoplasm (D:1)
  2 giant cockroaches (D:1)
  A goblin (D:1)
  2 hobgoblins (D:1)
  2 kobolds (D:1)
  6 rats (D:1)
18 creatures vanquished.

Notes
Turn   | Place    | Note
-------+----------+-------------------------------------------
     0 | D:1      | holysushi the Merfolk Monk began the quest for the Orb.
     0 | D:1      | Reached XP level 1. HP: 18/18 MP: 1/1
   228 | D:1      | Reached XP level 2. HP: 14/24 MP: 2/2
   692 | D:1      | Slain by a quokka

Illustrated notes

Levels and vault maps discovered:
D:1:      minmay_arrival_stone_box, layout_rooms, kennysheep_small_spiral

Skill      XL: |  1  2 |
---------------+-------+-----
Long Blades    | 4 |  4.2
Fighting       | |  3.5
Dodging        | |  4.3
Stealth        | |  2.1

Action                   || total
-------------------------++-------
Melee: Falchion          ||    62
       Punch             ||     2
 Stab: Sleeping          ||     1
Armor: Robe              ||    12
Dodge: Dodged            ||    48

Table legend: (Time is in decaauts)
 A = Elapsed time spent in this place.
 B = Non-inter-level travel time spent in this place.
 C = Inter-level travel time spent in this place.
 D = Time resting spent in this place.
 E = Time spent auto-exploring this place.
 F = Levels seen in this place.
 G = Mean time per level.
                   A        B        C        D        E       F      G
               +--------+--------+--------+--------+--------+-----+--------+
         Total |    697 |    697 |      0 |    408 |    155 |   1 |  697.0 |
       Dungeon |    697 |    697 |      0 |    408 |    155 |   1 |  697.0 |
               +--------+--------+--------+--------+--------+-----+--------+

Top non-repeatable levels by time:
     D:1: 697 daAuts
